 Dungeon Crawl Stone Soup version 0.23-a0-303-gfcac5de (webtiles) character file.

114 galech the Skirmisher (level 4, 21/35 HPs)
             Began as a Demonspawn Fighter on Oct 8, 2018.
             Quit the game on level 3 of the Dungeon.
             The game lasted 00:02:13 (1460 turns).

galech the Skirmisher (Demonspawn Fighter)          Turns: 1460, Time: 00:02:14

Health: 21/35      AC: 10    Str: 17    XL:     4   Next: 66%
Magic:  4/4        EV:  4    Int:  9    God:
Gold:   122        SH:  9    Dex: 13    Spells: 3/3 levels left

rFire    . . .     SeeInvis .   a - +0 war axe
rCold    . . .     Gourm    .   c - +0 shield
rNeg     . . .     Faith    .   e - +0 chain mail
rPois    .         Spirit   .   (helmet restricted)
rElec    .         Reflect  .   q - +0 cloak
rCorr    +         Harm     .   (no gloves)
MR       .....                  (no boots)
Stlth    ..........             l - amulet of the acrobat
HPRegen  0.11/turn              s - ring of attention (curse)
MPRegen  0.09/turn              t - ring of resist corrosion

@: no status effects
A: antennae 1, demonic guardian 1
a: no special abilities


You were on level 3 of the Dungeon.
You were not hungry.

You visited 1 branch of the dungeon, and saw 3 of its levels.

You collected 122 gold pieces.

Inventory:

Hand Weapons
 a - a +0 war axe (weapon)
Armour
 c - a +0 shield (worn)
 e - a +0 chain mail (worn)
 q - a +0 cloak (worn)
Jewellery
 l - an amulet of the acrobat (around neck)
 s - a cursed ring of attention (left hand)
 t - a ring of resist corrosion (right hand)
Wands
 u - a wand of digging (12)
Scrolls
 g - a scroll of teleportation
 h - a scroll of amnesia {unknown}
 i - 2 scrolls of blinking {unknown}
 j - a scroll of fear {unknown}
 k - 2 scrolls of remove curse {unknown}
 n - 3 scrolls of identify {unknown}
 o - a scroll of random uselessness {unknown}
Potions
 b - 4 potions of curing {unknown}
 d - a potion of might
 p - a potion of lignification {unknown}
 r - a potion of haste {unknown}
Comestibles
 f - 7 rations
 m - 10 chunks of flesh


   Skills:
 + Level 3.5 Fighting
 + Level 3.0 Axes
 + Level 3.3 Armour
 + Level 0.5 Dodging
 + Level 3.2 Shields


You had 3 spell levels left.
You didn't know any spells.
Your spell library contained the following spells:

 Spells                   Type           Power        Failure   Level  Hunger
 Animate Skeleton         Necr           N/A          100%        1    ##.....
 Apportation              Tloc           #.....       100%        1    ##.....
 Confusing Touch          Hex            #.....       100%        1    ##.....
 Summon Small Mammal      Summ           #...         100%        1    ##.....


Dungeon Overview and Level Annotations

Branches:
Dungeon (3/15)

Altars:
Dithmenos
Uskayaw
Xom


Innate Abilities, Weirdness & Mutations

You have a pair of small antennae on your head.
A weak demonic guardian rushes to your aid.


Message History

You slash the goblin!
You kill the goblin!
Your shield and chain mail prevent you from hitting the leopard gecko.
You block the leopard gecko's attack.
Unknown command.
Unknown command.
You slash the leopard gecko!
You kill the leopard gecko!
No target in view!
No target in view!
No target in view!
Found a stone staircase leading up.
Items here: )) [[ †† Butcher the hobgoblin corpse of Robin? [(y)es/(n)o/(a)ll/(q)uit/?]
You butcher the hobgoblin corpse of Robin.
You butcher the goblin corpse.
m - 9 chunks of flesh (gained 3);
m - 10 chunks of flesh (gained 1)
Items here: )) [[ ÷÷
Okay, then.
Are you sure you want to abandon this character and quit the game? (Confirm

###.#.# ....... ......#
######.. <..#
#.....####..# #.......
..# #.....#####.#######
#........†.@.......
######....######).######
#.........+ ..>...
...###....# #........
...# #....# #.........
...# #†...# #.........
...# #....# #.........
...# #....# #.........
...# #....#


There were no monsters in sight!

Vanquished Creatures
  A worker ant (D:3)
  Robin (D:3)
  3 adders
  2 leopard geckos
  3 ball pythons (D:2)
  4 giant cockroaches
  11 goblins
  4 hobgoblins
  3 kobolds
  A quokka (D:3)
  5 bats
  2 frilled lizards
  12 rats
52 creatures vanquished.

Vanquished Creatures (collateral kills)
  A leopard gecko (D:3)
1 creature vanquished.

Grand Total: 53 creatures vanquished

Notes
Turn   | Place    | Note
-------+----------+-------------------------------------------
     0 | D:1      | galech the Demonspawn Fighter began the quest for the Orb.
     0 | D:1      | Reached XP level 1. HP: 18/18 MP: 1/1
   219 | D:1      | Gained mutation: A weak demonic guardian rushes to your
                  | aid. [demonic ancestry]
   219 | D:1      | Reached XP level 2. HP: 20/24 MP: 2/2
   476 | D:2      | Found a shimmering altar of Xom.
   733 | D:2      | Reached XP level 3. HP: 29/29 MP: 3/3
  1204 | D:3      | Gained mutation: You have a pair of small antennae on your
                  | head. [demonic ancestry]
  1204 | D:3      | Reached XP level 4. HP: 33/35 MP: 4/4
  1388 | D:3      | Found a shadowy altar of Dithmenos.
  1392 | D:3      | Found a hide-covered altar of Uskayaw.
  1441 | D:3      | Noticed Robin
  1451 | D:3      | Killed Robin
  1460 | D:3      | Quit the game

Vault maps used:
D:1:      lemuel_arrival_tunnels
D:2:      lemuel_crystal_altar
D:3:      grunt_temple_overflow_open, minmay_misc_feat_encased, uniq_robin

Skill      XL: |  1  2  3  4 |
---------------+-------------+-----
Axes           | 2 3 |  3.0
Shields        | 3 |  3.2
Armour         | 3 |  3.3
Fighting       | |  3.5
Dodging        | |  0.5

Action                   |  1- 3 |  4- 6 || total
-------------------------+-------+-------++-------
Melee: War axe           |   132 |    47 ||   179
  Use: Scroll            |       |     1 ||     1
  Eat: Chunk             |     1 |     1 ||     2
Armor: Chain mail        |    99 |    44 ||   143
Dodge: Dodged            |    25 |    13 ||    38
Block: Shield            |    78 |    32 ||   110

Table legend:
 A = Non-vault XP
 B = Vault XP
 C = Vault XP percentage of total XP
 D = Non-vault monster count
 E = Vault monster count
 F = Vault count percentage of total count
                 A         B        C        D         E       F
            +---------+---------+-------+---------+---------+-------
      Total |     131 |      32 |  19.6 |      42 |      11 |  20.8
            +---------+---------+-------+---------+---------+-------
        D:1 |      18 |       0 |   0.0 |      13 |       0 |   0.0
        D:2 |      53 |       0 |   0.0 |      19 |       0 |   0.0
        D:3 |      60 |      32 |  34.8 |      10 |      11 |  52.4
            +---------+---------+-------+---------+---------+-------
